 Dungeon Crawl Stone Soup version 0.31-a0-986-g5e6e4ef867 (webtiles) character file.

Game seed: 9628107367259791512

4682 horus123 the Summoner (level 10, 0/56 HPs)
             Began as a Deep Elf Hedge Wizard on Nov 3, 2023.
             Was a Believer of Vehumet.
             Slain by a troll (1 damage)
             ... on level 7 of the Dungeon.
             The game lasted 00:37:01 (10730 turns).

horus123 the Summoner (Deep Elf Hedge Wizard)      Turns: 10730, Time: 00:37:03

Health: 0/56       AC:  7    Str:  9    XL:     10   Next: 21%
Magic:  13/23      EV: 13    Int: 22    God:    Vehumet [**....]
Gold:   410        SH:  0    Dex: 20    Spells: 0/24 levels left

rFire   . . .        l - +0 short sword
rCold   . . .        (no shield)
rNeg    . . .        D - +0 steam dragon scales
rPois   .            y - +2 hat
rElec   .            (no cloak)
rCorr   .            (no gloves)
SInv    +            (no boots)
Will    +....        (no amulet)
Stlth   ++           x - ring of see invisible
HPRegen 0.29/turn    m - +6 ring of dexterity
MPRegen 0.18/turn

%: no passive effects
@: on blink cooldown, very slightly contaminated
A: no striking features
a: Renounce Religion


You were on level 7 of the Dungeon.
You worshipped Vehumet.
Vehumet was pleased with you.
You visited 2 branches of the dungeon, and saw 8 of its levels.

You collected 410 gold pieces.

Inventory:

Hand Weapons
 a - a +0 dagger
 l - a +0 short sword (weapon)
 G - a +1 dagger of protection
Missiles
 n - 4 atropa-tipped darts
Armour
 b - a +0 robe
 c - a +0 hat
 y - a +2 hat (worn)
 D - +0 steam dragon scales (worn)
Jewellery
 i - a ring of flight
 m - a +6 ring of dexterity (right hand)
 x - a ring of see invisible (left hand)
 A - a ring of resist corrosion
Wands
 d - a wand of mindburst (19)
 p - a wand of digging (5)
 E - a wand of flame (42)
Scrolls
 e - 11 scrolls of identify {unknown}
 g - 2 scrolls of fear {unknown}
 h - 2 scrolls of enchant armour {unknown}
 j - a scroll of immolation {unknown}
 q - 3 scrolls of teleportation {unknown}
 t - a scroll of amnesia {unknown}
 u - 2 scrolls of enchant weapon {unknown}
 v - a scroll of fog {unknown}
 w - 4 scrolls of blinking {unknown}
 C - 2 scrolls of noise {unknown}
 F - a scroll of revelation {unknown}
Potions
 f - 4 potions of curing
 k - 2 potions of heal wounds {unknown}
 o - 2 potions of mutation {unknown}
 r - a potion of might
 s - 3 potions of haste {unknown}
 z - a potion of lignification {unknown}
 B - a potion of brilliance {unknown}
 H - a potion of attraction {unknown}
 I - 2 potions of enlightenment {unknown}


   Skills:
 - Level 3.2 Fighting
 - Level 2.7 Short Blades
 - Level 2.4 Dodging
 - Level 2.4 Stealth
 - Level 7.9 Spellcasting
 - Level 6.3 Conjurations
 - Level 8.0 Summonings
 - Level 7.2 Necromancy
 - Level 1.1 Translocations
 + Level 5.7 Earth Magic
 - Level 4.5 Poison Magic


You couldn't memorise any spells.
You knew the following spells:

 Your Spells              Type           Power      Damage    Failure   Level
a - Magic Dart            Conj           100%       1d8       1%          1
b - Call Imp              Summ           86%        N/A       1%          2
c - Call Canine Familiar  Summ           43%        N/A       1%          3
d - Blink                 Tloc           26%        N/A       7%          2
e - Mephitic Cloud        Conj/Pois/Air  24%        N/A       4%          3
f - Summon Guardian Gole  Hex/Summ       26%        N/A       4%          3
g - Animate Dead          Necr           40%        N/A       3%          4
h - Sandblast             Erth           68%        2d15      1%          1
i - Borgnjor's Vile Clut  Necr/Erth      18%        N/A       14%         5

Your spell library contained the following spells:

 Spells                   Type           Power      Damage    Failure   Level
 Scorch                   Fire           16%        2d5       12%         2
 Summon Small Mammal      Summ           100%       N/A       1%          1
 Cigotuvi's Dreadful Rot  Necr/Pois/Air  52%        N/A       2%          2
 Slow                     Hex            32%        N/A       8%          1
 Death Channel            Necr           20%        N/A       50%         6


Dungeon Overview and Level Annotations

Branches:
Dungeon (7/15)             Temple (1/1) D:7

Altars:
Ashenzari
Cheibriados
Dithmenos
Elyvilon
Fedhas
Gozag
Hepliaklqana
Kikubaaqudgha
Makhleb
Nemelex Xobeh
Okawaru
Qazlal
Ru
Trog
Uskayaw
Vehumet
Yredelemnul
Zin
The Shining One

Shops:
D:6 *

Annotations:
D:3 3 runed translucent doors, dialectric's ghost, amateur HOFi


Message History

The troll closely misses you. x2; The troll barely misses you.
The troll claws you.
The blast of sand hits the troll.
The troll is heavily wounded.
The orc wizard hits you but does no damage.
The troll bites you! The troll barely misses you. The troll closely misses you.
Casting: Sandblast (safe; 1% risk of failure)
Confirm with . or Enter, or press ? or * to list all spells.
The orc wizard hits you with a +0 dagger.
The troll bites you. The troll claws you! x2
* * * LOW HITPOINT WARNING * * *
Your wolf bites the orc wizard.
Casting: Call Canine Familiar (safe; 1% risk of failure)
Confirm with . or Enter, or press ? or * to list all spells.
You blink.
Your wolf bites the orc wizard but does no damage.
Casting: Blink (safe; 7% risk of failure)
Confirm with . or Enter, or press ? or * to list all spells.
You are still too unstable to blink.
Casting: Blink (safe; 7% risk of failure)
Confirm with . or Enter, or press ? or * to list all spells.
A guardian golem appears, shielding your allies.
Your wolf closely misses the orc wizard.
Aiming: Sandblast (safe; 1% risk of failure)
Press: ? - help, Q - select action, (/) - cycle Shift-Dir - straight line, f/p - troll
Aim: a troll (moderately wounded, ally target, 84% to hit)
You miscast Sandblast.
You are very lightly contaminated with residual magic.
Nothing appears to happen.
Your wolf bites the orc wizard.
The orc wizard hits your guardian golem but does no damage.
Your wolf bites the orc wizard.
Okay, then.
Your wolf bites the orc wizard!
The orc wizard dies!
Vehumet accepts your kill. The troll attacks as it pursues you!
The troll bites you!
* * * LOW HITPOINT WARNING * * *
The troll closely misses you. The troll claws you.
You die...

#################################
.P.....................†....P....
.................................
~~~~~~~~~≈~≈~~~~~≈~~≈~≈≈~~~~~≈~≈≈
≈≈~~≈≈~≈≈≈≈≈~≈≈≈≈~~~≈≈≈≈≈≈≈≈≈≈≈≈≈
≈#####~~~≈~≈~~~†~~~~~~≈~~~~~~~~~≈
≈#go.#...........................
≈#...############################
≈###'#....'h)..T@..##......))'...
≈≈.#.#....###9############'###)..
≈~.# #/...#.#..............#.#...
≈≈.# ###'##.#..............#.##'#
~~.# .....#.#..............#.#...
≈~.#o.....#.'..............'.#...
≈≈.#.############################
≈~.#. ...#....#.......... ≈~.#.'
...'....').........


You could see a troll (ally target), a friendly guardian golem (summoned) and a
friendly wolf (summoned, sheltered).

Vanquished Creatures
  An ice beast (D:5)
  6 ogres (D:7)
  A centaur (D:6)
  2 bullfrogs
  A kobold brigand (D:7)
  A gnoll sergeant (D:7)
  2 scorpions
  A wight (D:5)
  A howler monkey (D:7)
  4 hounds
  3 jellies
  2 gnoll boudas (D:7)
  An orc priest (D:7)
  A sleepcap (D:6)
  6 orc wizards (D:7)
  3 gnolls (D:7)
  5 adders
  A shadow imp (D:6)
  3 ufetubi
  A worm (D:2)
  2 dart slugs
  16 orcs
  4 endoplasms
  6 giant cockroaches
  6 goblins
  6 hobgoblins
  4 jackals (D:1)
  4 quokkas
  7 ball pythons
  3 bats (D:2)
  6 frilled lizards
  12 kobolds
  6 rats
128 creatures vanquished.

Vanquished Creatures (collateral kills)
  Sigmund (D:3)
  Menkaure (D:6)
  A warg (D:7)
  Duvessa (D:6)
  A water moccasin (D:6)
  3 orc warriors
  A sky beast (D:6)
  2 black bears
  2 ogres (D:7)
  A centaur (D:7)
  A phantom (D:5)
  Blork the orc (D:6)
  A kobold brigand (D:7)
  2 gnoll sergeants (D:7)
  A scorpion (D:4)
  A wight (D:5)
  Dowan (D:6)
  9 howler monkeys
  5 hounds
  A jelly (D:5)
  5 orc priests
  2 iguanas
  A sleepcap (D:7)
  3 orc wizards (D:7)
  An adder (D:5)
  2 gnolls (D:7)
  A white imp (D:7)
  2 ufetubi
  A worm (D:5)
  13 orcs
  A ball python (D:4)
  4 kobolds (D:7)
73 creatures vanquished.

Vanquished Creatures (others)
  A steam dragon (D:7)
  An orc zombie (D:7)
  A kobold (D:7)
3 creatures vanquished.

Grand Total: 204 creatures vanquished

Notes
Turn   | Place    | Note
-------+----------+-------------------------------------------
     0 | D:1      | horus123 the Deep Elf Hedge Wizard began the quest for the
                  | Orb.
     0 | D:1      | Reached XP level 1. HP: 10/10 MP: 7/7
   234 | D:1      | Reached XP level 2. HP: 15/15 MP: 6/9
   287 | D:1      | Learned a level 2 spell: Call Imp
   351 | D:1      | Noticed a great orb of eyes
   352 | D:1      | Found a faded altar of an unknown god.
   474 | D:1      | Noticed a great orb of eyes
   474 | D:1      | Noticed an eye of devastation
   474 | D:1      | Noticed a great orb of eyes
   985 | D:2      | Reached XP level 3. HP: 19/19 MP: 3/10
  1244 | D:1      | Learned a level 3 spell: Call Canine Familiar
  1247 | D:1      | Learned a level 2 spell: Blink
  1254 | D:2      | Reached skill level 2 in Summonings
  1820 | D:2      | Reached skill level 3 in Summonings
  2090 | D:2      | Reached XP level 4. HP: 24/24 MP: 8/12
  2263 | D:3      | Noticed Sigmund
  2831 | D:3      | Found a runed translucent gate.
  2832 | D:3      | Found a runed translucent gate.
  2833 | D:3      | Found a runed translucent gate.
  2834 | D:3      | Noticed dialectric's ghost (amateur HOFi)
  2835 | D:3      | Noticed a kobold brigand
  3086 | D:4      | Noticed a scorpion
  3088 | D:4      | Reached skill level 1 in Short Blades
  3118 | D:4      | Killed a scorpion
  3197 | D:4      | Reached XP level 5. HP: 28/28 MP: 11/13
  3264 | D:4      | Reached skill level 4 in Summonings
  3392 | D:4      | Learned a level 3 spell: Mephitic Cloud
  3533 | D:4      | Found a basalt altar of Yredelemnul.
  4236 | D:5      | Entered Level 5 of the Dungeon
  4246 | D:5      | Reached skill level 5 in Summonings
  4246 | D:5      | Reached XP level 6. HP: 32/32 MP: 3/14
  4339 | D:5      | Noticed an ice beast
  4353 | D:5      | Killed an ice beast
  4354 | D:5      | Reached skill level 5 in Spellcasting
  4556 | D:5      | Reached XP level 7. HP: 36/36 MP: 8/18
  5006 | D:5      | Reached skill level 5 in Conjurations
  5619 | D:5      | Found a blossoming altar of Fedhas.
  6054 | D:3      | Killed Sigmund
  6055 | D:3      | Reached skill level 6 in Summonings
  6055 | D:3      | Reached XP level 8. HP: 38/41 MP: 10/20
  6246 | D:6      | Reached skill level 7 in Summonings
  6388 | D:6      | Found Naof's Assorted Antiques.
  6406 | D:6      | Learned a level 3 spell: Summon Guardian Golem
  6449 | D:6      | Found an opulent altar of Gozag.
  6495 | D:6      | Reached skill level 8 in Summonings
  6627 | D:6      | Reached skill level 1 in Poison Magic
  6685 | D:6      | Noticed Blork the orc
  6700 | D:6      | Killed Blork the orc
  6717 | D:6      | Noticed Menkaure
  6749 | D:6      | Killed Menkaure
  7121 | D:6      | Noticed Dowan
  7123 | D:6      | Noticed Duvessa
  7141 | D:6      | Killed Dowan
  7236 | D:6      | Reached skill level 1 in Fighting
  7236 | D:6      | Reached XP level 9. HP: 43/48 MP: 14/21
  7578 | D:6      | Found a shadowy altar of Dithmenos.
  7840 | D:6      | Killed Duvessa
  8201 | D:6      | Learned a level 4 spell: Animate Dead
  8339 | D:7      | Reached skill level 1 in Necromancy
  8513 | D:7      | Found a staircase to the Ecumenical Temple.
  8626 | D:7      | Reached skill level 5 in Necromancy
  8679 | Temple   | Entered the Ecumenical Temple
  8839 | Temple   | Became a worshipper of Vehumet
  9590 | D:7      | Reached * piety under Vehumet
  9590 | D:7      | Offered knowledge of Sandblast by Vehumet.
  9708 | D:7      | Learned a level 1 spell: Sandblast
  9779 | D:7      | Reached skill level 1 in Earth Magic
  9873 | D:7      | Noticed a troll
  9941 | D:7      | Reached XP level 10. HP: 56/56 MP: 21/23
  9947 | D:7      | Learned a level 5 spell: Borgnjor's Vile Clutch
 10232 | D:7      | Found a sacrificial altar of Ru.
 10563 | D:7      | Reached skill level 5 in Earth Magic
 10619 | D:7      | Offered knowledge of Scorch by Vehumet.
 10621 | D:7      | Reached ** piety under Vehumet
 10730 | D:7      | HP: 1/56 [troll (9)]
 10730 | D:7      | Slain by a troll

Illustrated notes

Levels and vault maps discovered:
D:1:      minmay_arrival_open_corners, layout_loops_ring,
          hellmonk_ecumenical_altar_watching_god, minmay_crystal_water
D:2:      layout_rooms
D:3:      layout_loops_cross, gammafunk_ghost_nasty_kobolds,
          hangedman_decor_growths, moated_statue, uniq_sigmund
D:4:      layout_basic, mainiacjoe_overflow_catwalk, minmay_misc_feat_rugged,
          kennysheep_small_square
D:5:      kennysheep_spiral_hall, layout_layer_cave, general_overflow_altar,
          enter_ossuary_5, hex_medium, glass_columns_a
D:6:      layout_layer_cave, mainiacjoe_overflow_brackets,
          grunt_gozag_breadcrumbs, serial_shops, nicolae_diamond_shop,
          uniq_duvessa, uniq_blork_the_orc, uniq_menkaure
D:7:      lemuel_castle_with_subvaults [lemuel_castle_interior_carwin_1],
          layout_basic, nicolae_ru_awakened_eye, temple_pool_b
Temple:   minmay_temple_curvy_branch

Skill      XL: |  1  2  3  4  5  6  7  8  9 10 |
---------------+-------------------------------+-----
Conjurations   | 2 3 6 |  6.3
Summonings     | 3 5 6 8 |  8.0
Short Blades   | 2 |  2.7
Spellcasting   | 6 7 |  7.9
Poison Magic   | 4 |  4.5
Fighting       | 1 3 |  3.2
Necromancy     | 7 |  7.2
Earth Magic    | 3 5 |  5.7
Dodging        | |  2.4
Stealth        | |  2.4
Translocations | |  1.1

Action                     |  1- 3 |  4- 6 |  7- 9 | 10-12 || total
---------------------------+-------+-------+-------+-------++-------
  Melee: Dagger            |     9 |       |       |       ||     9
         Punch             |     1 |       |       |       ||     1
         Short sword       |    14 |     2 |    12 |       ||    28
   Cast: Magic Dart        |   118 |    75 |   156 |       ||   349
         Call Imp          |     1 |     9 |    49 |     4 ||    63
         Call Canine Famil |       |     7 |    53 |     5 ||    65
         Summon Guardian G |       |       |    11 |     1 ||    12
         Mephitic Cloud    |       |       |     5 |       ||     5
         Blink             |       |       |     2 |     2 ||     4
         Sandblast         |       |       |     7 |    49 ||    56
         Animate Dead      |       |       |     4 |       ||     4
    Use: Potion            |       |       |     3 |       ||     3
   Stab: Distracted        |       |       |     1 |       ||     1
 Armour: Robe              |    47 |    16 |    29 |       ||    92
         Steam dragon scal |       |       |    53 |    31 ||    84
  Dodge: Dodged            |    48 |    16 |    98 |    16 ||   178

Table legend: (Time is in decaauts)
 A = Elapsed time spent in this place.
 B = Non-inter-level travel time spent in this place.
 C = Inter-level travel time spent in this place.
 D = Time resting spent in this place.
 E = Time spent auto-exploring this place.
 F = Levels seen in this place.
 G = Mean time per level.
                   A        B        C        D        E       F      G
               +--------+--------+--------+--------+--------+-----+--------+
         Total |  10768 |  10504 |    264 |   2071 |   6250 |   8 | 1346.0 |
       Dungeon |  10388 |  10149 |    239 |   1882 |   6223 |   7 | 1484.0 |
        Temple |    379 |    354 |     25 |    189 |     27 |   1 |  379.0 |
               +--------+--------+--------+--------+--------+-----+--------+

Top non-repeatable levels by time:
     D:7: 2243 daAuts
     D:6: 1925 daAuts
     D:5: 1470 daAuts
     D:3: 1395 daAuts
     D:1: 1380 daAuts
     D:4: 1196 daAuts
     D:2: 775 daAuts
  Temple: 379 daAuts
